 Dungeon Crawl Stone Soup version 0.18-a0-1784-ga939a68 (webtiles) character file.

17165 wvc the Grappler (level 12, 0/111 HPs)
             Began as a Troll Monk on Apr 18, 2016.
             Was the Champion of Cheibriados.
             Slain by a komodo dragon (30 damage)
             ... on level 3 of the Lair of Beasts.
             The game lasted 00:25:09 (10992 turns).

wvc the Grappler (Troll Monk)                      Turns: 10992, Time: 00:25:10

Health: 0/111      AC: 11    Str: 37    XL:     12   Next: 16%
Magic:  21/22      EV: 12    Int: 21    God:    Cheibriados [******]
Gold:   575        SH:  0    Dex: 31    Spells: 4 memorised, 15 levels left

rFire  . . .     SeeInvis .       - Unarmed
rCold  . . .     Gourm    +     T - +2 robe {MR+}
rNeg   . . .     Faith    .     (no shield)
rPois  .         Spirit   .     Z - +1 hat {MR+}
rElec  .         Dismiss  .     A - +0 cloak
rCorr  .         Reflect  .     (gloves unavailable)
SustAt .         Harm     .     (boots unavailable)
MR     +++..                    (no amulet)
Stlth  +++.......               O - ring of protection from magic
                                c - +2 ring of protection

@: very slow, extremely resistant to hostile enchantments, fairly stealthy
A: unfitting armour, claws 3, fast metabolism 3, gourmand, regeneration 2,
shaggy fur 1, tough skin 2
a: Bend Time, Temporal Distortion, Slouch, Step From Time, Renounce Religion


You were on level 3 of the Lair of Beasts.
You worshipped Cheibriados.
Cheibriados was exalted by your worship.
You were not hungry.

You visited 2 branches of the dungeon, and saw 13 of its levels.
You also visited: Sewer.

You collected 784 gold pieces.
You spent 209 gold pieces at shops.

Inventory:

Hand Weapons
 P - a +2 giant spiked club
Missiles
 e - 27 poisoned needles
 E - 3 large rocks (quivered)
 F - 4 silver tomahawks
Armour
 A - a +0 cloak (worn)
 T - a +2 robe of magic resistance (worn)
 Y - a +0 hat of see invisible
 Z - a +1 hat of magic resistance (worn)
Jewellery
 c - a +2 ring of protection (left claw)
 k - an uncursed ring of see invisible
 l - an uncursed ring of positive energy
 O - a ring of protection from magic (right claw)
Wands
 w - a wand of flame (39/48)
 y - a wand of iceblast (5/15)
 H - a wand of iceblast (3/15)
 I - a wand of teleportation (6/9)
 M - a wand of disintegration (9/24)
 S - a wand of polymorph (13/24)
 U - a wand of disintegration (11/24)
 V - a wand of flame (10/48)
 W - a wand of slowing (12/48)
 X - a wand of flame (35/48)
Scrolls
 d - 3 scrolls of blinking
 g - 3 scrolls of fear
 i - a scroll of recharging
 m - 8 scrolls of remove curse
 q - 3 scrolls of immolation
 r - a scroll of enchant armour
 u - a scroll of magic mapping
 C - 8 scrolls of identify
 J - 2 scrolls of fog
 K - 2 scrolls of teleportation
Potions
 a - a potion of invisibility
 f - 4 potions of curing
 h - 2 potions of flight
 j - 2 potions of magic
 o - 2 potions of heal wounds
 p - 3 potions of brilliance
 v - a potion of lignification
 z - 2 potions of agility
 B - a potion of might
 L - 2 potions of cancellation
 R - a potion of cure mutation
Books
 s - a book of the Warp

   Spells                             Type                      Level
   a - Recall                         Summoning/Translocation      3
   b - Gell's Gravitas                Hexes/Translocation          3
   c - Force Lance                    Conjuration/Translocation    4
   d - Warp Weapon                    Charms/Translocation         5
   e - Summon Forest                  Summoning/Translocation      5
Comestibles
 b - 14 bread rations
 n - 3 royal jellies
 t - 8 meat rations
 x - 15 fruits
 Q - 6 beef jerkies


   Skills:
 - Level 5.1 Fighting
 - Level 4.3 Maces & Flails
 - Level 2.7 Dodging
 - Level 1.1 Stealth
 - Level 10.5 Unarmed Combat
 * Level 7.3 Spellcasting
 + Level 0.3 Charms
 * Level 8.4 Transmutations
 + Level 0.1 Air Magic
 + Level 0.6 Invocations
 + Level 1.0 Evocations


You had 15 spell levels left.
You knew the following spells:

 Your Spells              Type           Power        Failure   Level  Hunger
a - Blade Hands           Trmt           #####.....   10%         5    #####..
b - Apportation           Tloc           #.........   12%         1    None
c - Blink                 Tloc           N/A          14%         2    None
d - Repel Missiles        Chrm/Air       #.....       12%         2    None


Dungeon Overview and Level Annotations

Branches:
Dungeon (10/15)            Temple (0/1) D:5            Lair (3/8) D:10
 Spider (0/4) Lair:3          Orc (0/2) D:10
  Swamp: Lair:3-6    Shoals: Lair:3-6

Altars:
Ashenzari
Cheibriados
Elyvilon
Fedhas
Nemelex Xobeh
Okawaru
Ru
Xom
Yredelemnul

Shops:
D:5 *


Innate Abilities, Weirdness & Mutations

You are too large for most types of armour.
You have claws for hands.
Your metabolism is lightning-fast.
You like to eat raw meat.
You heal very quickly.
You are covered in fur (AC +1).
You have very tough skin (AC +2).


Message History

The rime drake is heavily wounded.
The komodo dragon bites you.
The rime drake bites you but does no damage.
You claw the rime drake! Your claw misses the rime drake.
The rime drake is severely wounded.
The komodo dragon bites you!!
* * * LOW HITPOINT WARNING * * *
The rime drake bites you but does no damage.
You are too injured to fight recklessly!
You are too injured to fight recklessly!
You are too injured to fight recklessly!
Unknown command.
You claw the rime drake!
You kill the rime drake!
Cheibriados thoroughly appreciates the change of pace.
The komodo dragon barely misses you.
You scratch the komodo dragon.
The komodo dragon is lightly wounded.
The komodo dragon bites you!!
You die...

#...#
.......P...8...)..P8P..P...
..>.#
#.##.......P..P..........#
#...#
##♣♣.........P.8..P...##
#####
#.#....PP8............
#........P..8...P...P
#....♣PP.........%.♣♣
#+.#......%........P#
#.##P.♣♣....P....%♣%# #.
###♣@♣♣.P...P♣♣♣#.
......†.l♣♣...♣..
............ ....
..................
##.#####.#.##..# # #### ##


You could see a komodo dragon.

Vanquished Creatures
  Fannar (Lair:1)
  Nergalle (D:10)
  An unseen horror (D:10)
  Pikel (D:7)
  2 deep elf magi (D:10)
  A faun (Lair:3)
  3 spiny frogs
  2 rime drakes
  3 komodo dragons
  Grinder (D:5)
  3 blink frogs (Lair:2)
  2 wyverns
  10 yaks
  7 hippogriffs
  3 centaurs
  Edmund (D:5)
  Grum (Lair:1)
  5 water moccasins
  A swamp drake (D:10)
  6 porcupines
  A black bear (Lair:2)
  Purgy (Sewer)
  An eye of draining (D:10)
  An ice beast (D:8)
  2 orc warriors
  4 sky beasts
  3 phantoms
  11 wolves
  7 ogres
  5 crocodiles
  2 big kobolds
  7 giant frogs
  A gnoll sergeant (D:8)
  5 scorpions
  8 killer bees (D:10)
  7 wights
  3 howler monkeys
  6 crimson imps
  A centaur zombie (D:5)
  2 giant frog zombies
  A quasit (D:9)
  A centaur skeleton (D:9)
  4 hounds
  2 giant frog skeletons
  3 orc priests
  11 orc wizards
  4 iguanas
  An iron imp (D:10)
  Natasha (D:2)
  7 worker ants
  A sheep (Lair:1)
  A hound skeleton (D:8)
  2 worker ant zombies
  Robin (D:2)
  A howler monkey skeleton (D:6)
  13 adders
  5 gnolls
  28 river rats
  3 shadow imps
  A white imp (D:10)
  An adder zombie (D:6)
  2 adder skeletons
  A worm (D:2)
  A dart slug (D:4)
  8 giant geckos
  50 orcs
  11 bats
  5 giant cockroaches
  15 goblins
  13 hobgoblins
  8 quokkas
  A ball python (D:1)
  6 giant newts
  16 kobolds
  7 rats
369 creatures vanquished.

Vanquished Creatures (others)
  3 slaves
  A wight (D:7)
  A centaur skeleton (D:9)
  An orc priest (D:7)
  A gnoll (D:7)
  5 orcs
  A hobgoblin (D:7)
  5 goblins (D:7)
  2 kobolds (D:7)
  4 fungi
24 creatures vanquished.

Grand Total: 393 creatures vanquished

Notes
Turn   | Place    | Note
--------------------------------------------------------------
     0 | D:1      | wvc the Troll Monk began the quest for the Orb.
     0 | D:1      | Reached XP level 1. HP: 22/22 MP: 0/0
   126 | D:1      | Reached skill level 1 in Maces & Flails
   182 | D:1      | Reached XP level 2. HP: 29/29 MP: 1/1
   588 | D:2      | Found a snail-covered altar of Cheibriados.
   608 | D:2      | Became a worshipper of Cheibriados the Contemplative
   608 | D:2      | Reached * piety under Cheibriados
   608 | D:2      | Reached ** piety under Cheibriados
   716 | D:2      | Reached XP level 3. HP: 34/36 MP: 2/2
   886 | D:2      | Found a sacrificial altar of Ru.
  1021 | D:2      | Noticed Natasha
  1030 | D:2      | Killed Natasha
  1193 | D:2      | Noticed Robin
  1196 | D:2      | Reached XP level 4. HP: 37/44 MP: 3/3
  1207 | D:2      | Killed Robin
  1570 | D:3      | Reached *** piety under Cheibriados
  1729 | D:3      | Reached XP level 5. HP: 39/50 MP: 4/4
  1818 | D:3      | Noticed a hippogriff
  1838 | D:3      | Killed a hippogriff
  1838 | D:3      | Reached XP level 6. HP: 29/59 MP: 5/5
  1969 | D:3      | Learned a level 5 spell: Blade Hands
  2100 | D:4      | Reached **** piety under Cheibriados
  2112 | D:4      | Reached skill level 5 in Unarmed Combat
  2312 | D:4      | Found a white marble altar of Elyvilon.
  2364 | D:4      | Found a basalt altar of Yredelemnul.
  2513 | D:4      | Reached skill level 1 in Spellcasting
  2793 | D:4      | Found an iron altar of Okawaru.
  2950 | D:5      | Entered Level 5 of the Dungeon
  2984 | D:5      | Noticed Grinder
  2994 | D:5      | Killed Grinder
  2994 | D:5      | Reached skill level 6 in Unarmed Combat
  2994 | D:5      | Reached skill level 1 in Transmutations
  2994 | D:5      | Reached XP level 7. HP: 54/67 MP: 6/8
  3166 | D:5      | Reached ***** piety under Cheibriados
  3166 | D:5      | Reached XP level 8. HP: 75/75 MP: 9/9
  3241 | D:5      | Found a staircase to the Ecumenical Temple.
  3251 | D:5      | Reached skill level 7 in Unarmed Combat
  3389 | D:5      | Found a glowing drain.
  3393 | Sewer    | Entered a sewer
  3424 | Sewer    | Noticed Purgy
  3428 | Sewer    | Killed Purgy
  3544 | D:5      | Found Leomys's Assorted Antiques.
  3572 | D:5      | Bought a potion of curing for 93 gold pieces
  3572 | D:5      | Bought a silvery potion for 27 gold pieces
  3572 | D:5      | Bought a lumpy inky potion for 27 gold pieces
  3572 | D:5      | Bought a scroll of identify for 62 gold pieces
  3645 | D:5      | Noticed Edmund
  3649 | D:5      | Killed Edmund
  3650 | D:5      | Found a sparkling altar of Nemelex Xobeh.
  3703 | D:5      | Reached skill level 8 in Unarmed Combat
  4236 | D:6      | Reached XP level 9. HP: 84/84 MP: 11/11
  4279 | D:7      | Reached ****** piety under Cheibriados
  4279 | D:7      | Reached skill level 9 in Unarmed Combat
  4402 | D:7      | Noticed Pikel
  4405 | D:7      | Killed Pikel
  4405 | D:7      | Reached skill level 5 in Fighting
  4405 | D:7      | Reached skill level 10 in Unarmed Combat
  4492 | D:7      | Found a shimmering altar of Xom.
  4597 | D:7      | Gained mutation: Your body sometimes deteriorates upon taking damage. [mutagenic meat]
  4598 | D:7      | Gained mutation: You have a pair of small horns on your head. [mutagenic meat]
  4599 | D:7      | Gained mutation: You regenerate. [mutagenic meat]
  4600 | D:7      | Gained mutation: You tend to lose your temper in combat. [mutagenic meat]
  4601 | D:7      | Gained mutation: You are weak. (Str -2) [mutagenic meat]
  4891 | D:7      | Reached XP level 10. HP: 91/96 MP: 13/13
  4900 | D:7      | Lost mutation: You are weak. (Str -2) [potion of cure mutation]
  4900 | D:7      | Lost mutation: You regenerate. [potion of cure mutation]
  4900 | D:7      | Lost mutation: You have a pair of small horns on your head. [potion of cure mutation]
  4900 | D:7      | Lost mutation: Your body sometimes deteriorates upon taking damage. [potion of cure mutation]
  4900 | D:7      | Lost mutation: You tend to lose your temper in combat. [potion of cure mutation]
  5093 | D:7      | Found a shattered altar of Ashenzari.
  5655 | D:8      | Found a blossoming altar of Fedhas.
  6532 | D:9      | Reached skill level 5 in Transmutations
  7047 | D:10     | Entered Level 10 of the Dungeon
  7052 | D:10     | Noticed Nergalle
  7065 | D:10     | Killed Nergalle
  7065 | D:10     | Reached skill level 5 in Spellcasting
  7138 | D:10     | Found a staircase to the Lair.
  7246 | D:10     | Reached XP level 11. HP: 102/102 MP: 17/17
  7446 | D:10     | Noticed a deep elf mage
  7454 | D:10     | Killed a deep elf mage
  7479 | D:10     | Noticed a deep elf mage
  7485 | D:10     | Killed a deep elf mage
  7509 | D:10     | Learned a level 1 spell: Apportation
  7512 | D:10     | Learned a level 2 spell: Blink
  7515 | D:10     | Learned a level 2 spell: Repel Missiles
  7579 | D:10     | Found a shimmering altar of Xom.
  7594 | D:10     | Noticed an unseen horror
  7598 | D:10     | Killed an unseen horror
  8118 | D:10     | Found a staircase to the Orcish Mines.
  8425 | Lair:1   | Entered Level 1 of the Lair of Beasts
  8462 | Lair:1   | Noticed Fannar
  8483 | Lair:1   | Killed Fannar
  8841 | Lair:1   | Noticed Grum
  8860 | Lair:1   | Killed Grum
  9969 | Lair:2   | Reached skill level 1 in Evocations
 10336 | Lair:2   | Reached XP level 12. HP: 89/111 MP: 15/21
 10920 | Lair:3   | Found a hole to the Spider Nest.
 10992 | Lair:3   | Slain by a komodo dragon

Vault maps used:
D:1:      lightli_arrival_noodles
D:2:      cheibriados_altar_1, nicolae_ru_sacrificial_ziggurat, uniq_natasha,
          uniq_robin
D:3:      minmay_divided_ellipse
D:4:      kennysheep_ying_yang, first_bread, okawaru_trees_2
D:5:      nemelex_xobeh_ov_fountains_minmay, temple_fountains,
          gup_sewer_entry_spiral, serial_shops, shop, uniq_grinder, uniq_edmund
D:7:      corexii_shantytown, xom_teletrap_fun, kennysheep_mini_moat, uniq_pikel
D:8:      fedhas_altar_4
D:9:      grunt_ogre_cave
D:10:     dpeg_lair_monsters, orc_0_dummy, basic_altar, minivault_19,
          hangedman_minor_magic, uniq_nergalle
Lair:1:   serial_bayou_shore_b, uniq_grum, uniq_fannar
Lair:2:   patterned_corridor, lemuel_fruit_tree
Lair:3:   spider_nest_entry_a, grunt_forest_large_clearings, grunt_megastairs_4
Sewer:    sewer_big_baddie

Skill      XL: |  1  2  3  4  5  6  7  8  9 10 11 |
---------------+----------------------------------+-----
Maces & Flails | 1 2 3 4 |  4.3
Unarmed Combat | 6 8 10 | 10.5
Spellcasting   | 1 2 3 5 7 |  7.3
Fighting       | 3 4 5 |  5.1
Transmutations | 1 2 3 6 8 |  8.4
Evocations     | 1 |  1.0
Dodging        | |  2.7
Stealth        | |  1.1
Charms         | |  0.3
Air Magic      | |  0.1
Invocations    | |  0.6

Action                   |  1- 3 |  4- 6 |  7- 9 | 10-12 || total
-------------------------+-------+-------+-------+-------++-------
Melee: Unarmed           |    52 |   113 |   233 |   484 ||   882
       Punch             |     1 |     1 |     9 |    43 ||    54
       Mace              |    21 |       |       |       ||    21
       Flail             |       |    20 |       |       ||    20
       Headbutt          |       |       |     6 |       ||     6
 Cast: Blade Hands       |       |       |       |     4 ||     4
       Repel Missiles    |       |       |       |     1 ||     1
Evoke: Wand              |       |       |       |     2 ||     2
  Use: Scroll            |       |    11 |     7 |    13 ||    31
       Potion            |       |     4 |     1 |     1 ||     6
 Stab: Sleeping          |     1 |     3 |     9 |     6 ||    19
       Distracted        |       |     1 |     2 |     2 ||     5
  Eat: Chunk             |    14 |    11 |    19 |    34 ||    78
       Fruit             |       |       |       |     3 ||     3
       Pizza             |       |       |       |     2 ||     2
Armor: Robe              |    20 |     2 |       |   143 ||   165
       Animal skin       |       |    54 |    90 |    47 ||   191
Dodge: Dodged            |    32 |    81 |   131 |   327 ||   571
       Deflected         |       |       |       |     1 ||     1
